 Dungeon Crawl Stone Soup version 0.28.0 (webtiles) character file.

Game seed: 7049163108744830120

4 SnakkuSnakku7 the Sneak (level 1, 0/13 HPs)
             Began as a Vampire Fire Elementalist on Feb 14, 2022.
             Slain by a gnoll (4 damage)
             ... on level 1 of the Dungeon.
             The game lasted 00:00:21 (99 turns).

SnakkuSnakku7 the Sneak (Vampire Fire Elementalist)   Turns: 99, Time: 00:00:21

Health: 0/13       AC:  2    Str:  7    XL:     1   Next: 50%
Magic:  3/3        EV: 12    Int: 17    God:
Gold:   0          SH:  0    Dex: 14    Spells: 3/4 levels left

rFire   . . .      SeeInvis +     - Unarmed
rCold   . . .      Faith    .   (no shield)
rNeg    . . .      Spirit   .   a - +0 robe
rPois   .          Reflect  .   (no helmet)
rElec   .          Harm     .   (no cloak)
rCorr   .          Rampage  .   (no gloves)
Will    .....                   (no boots)
Stlth   +.........              (no amulet)
HPRegen 0.24/turn               (no ring)
MPRegen 0.08/turn               (no ring)

@: healing quickly, very slow
A: alive, fangs 3, see invisible, vampiric 1
a: Exsanguinate


You were on level 1 of the Dungeon.
You visited 1 branch of the dungeon, and saw 1 of its levels.

Inventory:

Armour
 a - a +0 robe (worn)


   Skills:
 - Level 2.1 Dodging
 - Level 3.0 Stealth
 + Level 1.2 Unarmed Combat
 - Level 2.0 Spellcasting
 - Level 0.6 Conjurations
 - Level 2.4 Fire Magic


You had 3 spell levels left.
You knew the following spells:

 Your Spells              Type           Power      Damage    Failure   Level
a - Foxfire               Conj/Fire      24%        2x1d5     11%         1

Your spell library contained the following spells:

 Spells                   Type           Power      Damage    Failure   Level
 Scorch                   Fire           18%        2d5       11%         2
 Conjure Flame            Conj/Fire      6%         6-21      30%         3
 Inner Flame              Hex/Fire       5%         N/A       34%         3
 Flame Wave               Conj/Fire      6%         2d5       71%         4


Dungeon Overview and Level Annotations

Branches:
Dungeon (1/15)

Altars:


Innate Abilities, Weirdness & Mutations

Your natural rate of healing is accelerated.
You have razor-sharp teeth.
You have supernaturally acute eyesight. (SInv)
You are afflicted with vampirism.


Message History

Casting: Foxfire (safe; 11% risk of failure)
Confirm with . or Enter, or press ? or * to list all spells.
You miscast Foxfire.
You are very lightly contaminated with residual magic.
Nothing appears to happen.
The helpless bat fails to defend itself.
You hit the bat.
The bat is severely wounded.
The bat hits you but does no damage. x2
You hit the bat but do no damage. Your bite misses the bat.
The bat is severely wounded.
The bat closely misses you.
Your magical contamination has completely faded away.
You hit the bat.
You kill the bat!
You see here a bat corpse.
You start resting.
Magic restored.
You see here a rat corpse.
A frilled lizard comes into view.
A frilled lizard is nearby!
A frilled lizard is nearby!
A hobgoblin comes into view.
A gnoll comes into view. It is wielding a +0 club.
The frilled lizard hisses angrily.
The gnoll shouts!
You hear a shout!
You barely miss the gnoll. The gnoll misses you.
The frilled lizard closely misses you.
The hobgoblin shouts!
You hit the gnoll but do no damage. The gnoll completely misses you.
The frilled lizard bites you.
You barely miss the gnoll. The gnoll hits you with a +0 club.
A hobgoblin comes into view.
The frilled lizard bites you. The gnoll hits you with a +0 club.
* * * LOW HITPOINT WARNING * * *
The hobgoblin barely misses you.
You enter the shallow water.
Moving in this stuff is going to be slow.
The gnoll hits you with a +0 club.
You die...

#####g#######
## ##....#†#
#.##g.####.#
##.#.###.##.#
##
#.#.##...#.##
...#.(.#..≈.†.#
#.#...≈g†≈...##
#....≈≈g≈≈.##.#
##≈.≈≈≈@≈≈.#.##
##≈.≈≈≈≈.≈...#
##.≈≈≈≈≈≈≈..##
#..≈≈≈.≈≈≈≈.#
#≈≈.≈...≈≈≈.###
#≈≈≈.≈<≈.≈≈≈..#
#.≈≈≈≈.≈≈...#.#
#..≈≈≈≈≈≈≈..#)#
#..≈≈≈≈≈≈≈≈.###


You could see a gnoll and a hobgoblin.

Vanquished Creatures
  2 bats (D:1)
  A goblin (D:1)
  A rat (D:1)
4 creatures vanquished.

Vanquished Creatures (others)
  2 foxfires (D:1)
2 creatures vanquished.

Grand Total: 6 creatures vanquished

Notes
Turn   | Place    | Note
-------+----------+-------------------------------------------
     0 | D:1      | SnakkuSnakku7 the Vampire Fire Elementalist began the quest
                  | for the Orb.
     0 | D:1      | Reached XP level 1. HP: 13/13 MP: 3/3
    38 | D:1      | Reached skill level 1 in Unarmed Combat
    99 | D:1      | Slain by a gnoll

Illustrated notes

Levels and vault maps discovered:
D:1:      dpeg_arrival_subterranean_lakeside_camping, layout_loops_ring,
          ebering_ecumenical_altar_petrified, serial_shops, shop,
          minmay_misc_feat_tower

Skill      XL: |  1 |
---------------+----+-----
Unarmed Combat | 1 |  1.2
Dodging        | |  2.1
Stealth        | |  3.0
Spellcasting   | |  2.0
Conjurations   | |  0.6
Fire Magic     | |  2.4

Action                   || total
-------------------------++-------
Melee: Unarmed           ||    15
       Bite              ||     1
 Cast: Foxfire           ||     1
 Stab: Sleeping          ||     2
Armor: Robe              ||     5
Dodge: Dodged            ||    17
